 Dungeon Crawl Stone Soup version 0.29-a0-732-g3d7fbe0af2 (webtiles) character file.

Game seed: 16021782142609898627

3 RancidPinata the Cudgeller (level 1, 0/12 HPs)
             Began as a Gargoyle Gladiator on June 29, 2022.
             Frozen to death by an endoplasm (2 damage)
             ... on level 1 of the Dungeon.
             The game lasted 00:00:37 (234 turns).

RancidPinata the Cudgeller (Gargoyle Gladiator)      Turns: 234, Time: 00:00:37

Health: 0/12       AC:  7    Str: 17    XL:     1   Next: 50%
Magic:  1/1        EV: 12    Int:  8    God:
Gold:   5          SH:  0    Dex: 11    Spells: 0/0 levels left

rFire   . . .      SeeInvis .   a - +0 flail
rCold   . . .      Faith    .   (no shield)
rNeg    + . .      Spirit   .   b - +0 leather armour
rPois   ∞          Reflect  .   c - +0 helmet
rElec   +          Harm     .   f - +0 cloak
rCorr   .          Rampage  .   (no gloves)
Will    .....                   (no boots)
Stlth   +.........              (no amulet)
HPRegen 0.04/turn               (no ring)
MPRegen 0.07/turn               (no ring)

@: no status effects
A: sickness immunity, AC +2, negative energy resistance 1, electricity
resistance, torment resistance 1, petrification resistance
a: no special abilities


You were on level 1 of the Dungeon.
You visited 1 branch of the dungeon, and saw 1 of its levels.

You collected 5 gold pieces.

Inventory:

Hand Weapons
 a - a +0 flail (weapon)
Missiles
 d - 3 throwing nets (quivered)
 e - a javelin
 g - a stone
Armour
 b - a +0 leather armour (worn)
 c - a +0 helmet (worn)
 f - a +0 cloak (worn)
Scrolls
 h - a scroll of blinking {unknown}


   Skills:
 * Level 2.2 Fighting
 + Level 3.0 Maces & Flails
 + Level 1.8 Throwing
 * Level 0.4 Armour
 + Level 2.4 Dodging


You couldn't memorise any spells.
You didn't know any spells.
Your spell library contained the following spells:

 Spells                   Type           Power      Damage    Failure   Level
 Wereblood                Tmut           0%         N/A       61%         2
 Portal Projectile        Hex/Tloc       0%         N/A       83%         3


Dungeon Overview and Level Annotations

Branches:
Dungeon (1/15)

Altars:


Innate Abilities, Weirdness & Mutations

You are immune to sickness and miasma.
Your stone body is resilient. (AC +2)
You are immune to poison.
You resist negative energy. (rN+)
You are resistant to electric shocks. (rElec)
You are resistant to unholy torment.
You are immune to petrification.


Message History

The kobold barely misses you.
A kobold comes into view. It is wielding a +0 short sword.
The kobold shouts!
You hit the kobold but do no damage.
The kobold hits you with a +0 short sword.
You hit the kobold but do no damage. The kobold closely misses you.
The kobold hits you but does no damage.
You barely miss the kobold. The kobold closely misses you.
You barely miss the kobold.
The kobold hits you with a +0 short sword.
You sock the kobold!
You kill the kobold!
You closely miss the kobold.
The kobold hits you but does no damage. x2
You barely miss the kobold. The kobold hits you but does no damage.
You hit the kobold but do no damage. The kobold hits you but does no damage.
You hit the kobold.
You kill the kobold!
g - a stone
Things that are here:
a +0 short sword; a +0 short sword; a kobold corpse You now have 5 gold pieces.
h - a scroll labelled SIANOCL CODI You start resting.
An endoplasm comes into view.
You start resting.
HP restored.
The endoplasm quivers.
You see here a +0 sling.
You hit the endoplasm.
The endoplasm is lightly wounded.
The endoplasm freezes you.
You are frozen.
The endoplasm freezes you.
You are frozen.
* * * LOW HITPOINT WARNING * * *
You hit the endoplasm.
The endoplasm is moderately wounded.
The endoplasm freezes you.
You are frozen.
You die...

.# #..# .#. .#
######..# ... .#
#.......# #.#
.####.####..# #.#
......####..# #.# #
............####.###.#
###########)..##.#...#
# #..........###. #
#.....J@....... ######
#.....##...###. .....#
##...## #.## ####.#
##.## .# # #'# #.# .#
####.#### #.# #
#..#.#..####.#####.#
.#.#.#.#.#.........#
..#...#..#.#.####..#


You could see an endoplasm.

Vanquished Creatures
  A goblin (D:1)
  2 kobolds (D:1)
3 creatures vanquished.

Notes
Turn   | Place    | Note
-------+----------+-------------------------------------------
     0 | D:1      | RancidPinata the Gargoyle Gladiator began the quest for the
                  | Orb.
     0 | D:1      | Reached XP level 1. HP: 12/12 MP: 1/1
    14 | D:1      | Got Zemi Gapure's Collected Works on Unstable Glamour
   234 | D:1      | Frozen to death by an endoplasm

Illustrated notes

Levels and vault maps discovered:
D:1:      nzn_arrival_crosshair, layout_loops_ring,
          dreamdust_ecumenical_altar_hidden_monk_grotto, chequers_avenue

Action                   || total
-------------------------++-------
Melee: Flail             ||    14
Armor: Leather armour    ||     6
Dodge: Dodged            ||     3

Table legend: (Time is in decaauts)
 A = Elapsed time spent in this place.
 B = Non-inter-level travel time spent in this place.
 C = Inter-level travel time spent in this place.
 D = Time resting spent in this place.
 E = Time spent auto-exploring this place.
 F = Levels seen in this place.
 G = Mean time per level.
                   A        B        C        D        E       F      G
               +--------+--------+--------+--------+--------+-----+--------+
         Total |    237 |    237 |      0 |    142 |     32 |   1 |  237.0 |
       Dungeon |    237 |    237 |      0 |    142 |     32 |   1 |  237.0 |
               +--------+--------+--------+--------+--------+-----+--------+

Top non-repeatable levels by time:
     D:1: 237 daAuts
